 Dungeon Crawl Stone Soup version 0.32-a0-411-g744942f433 (webtiles) character file.

Game seed: 12538970631053935015

3889 lunkers the Slicer (level 10, -6/74 HPs)
             Began as a Coglin Brigand on Feb 21, 2024.
             Was an Initiate of Gozag.
             Mangled by a troll (10 damage)
             ... on level 8 of the Dungeon.
             The game lasted 00:13:32 (8594 turns).

lunkers the Slicer (Coglin Brigand)                 Turns: 8594, Time: 00:13:32

Health: -6/74      AC: 10    Str: 15    XL:     10   Next: 19%
Magic:  10/10      EV: 15    Int: 10    God:    Gozag
Gold:   842        SH:  0    Dex: 17    Spells: 9/9 levels left

rFire   . . .        G - +4 dagger (speed) {Birgit}
rCold   . . .        K - +5 short sword {Fritz}
rNeg    + . .        E - +2 leather armour of Untruth {-Cast Fly rN+}
rPois   .            w - +2 helmet
rElec   .            c - +0 cloak
rCorr   .            (no gloves)
SInv    .            z - +0 pair of boots
Will    .....        (no amulet)
Stlth   ++           (no ring)
HPRegen 0.32/turn    (no ring)
MPRegen 0.12/turn

%: no spellcasting
@: gold aura, flying, revved
A: off-hand wielding, slow wielding, warmup strikes, legs shutdown
a: Renounce Religion, Potion Petition, Call Merchant, Bribe Branch


You were on level 8 of the Dungeon.
You worshipped Gozag.
Gozag was pleased with you.
You visited 2 branches of the dungeon, and saw 9 of its levels.

You collected 937 gold pieces.
You paid 95 gold pieces to Gozag.

Inventory:

Hand Weapons
 a - a +3 dagger of freezing {Kun}
 h - a +5 flail of freezing
 i - a +9 club {Karl}
 G - a +4 dagger of speed (weapon) {Birgit}
 I - a +5 falchion
 K - a +5 short sword (offhand) {Fritz}
Missiles
 d - 18 poisoned darts
 e - a curare-tipped dart
 x - a throwing net
Armour
 c - a +0 cloak (worn)
 q - a +2 animal skin
 w - a +2 helmet (worn)
 z - a +0 pair of boots (worn)
 E - the +2 leather armour of Untruth (worn) {-Cast Fly rN+}
   (You found it on level 6 of the Dungeon)

   rN+:       It protects you from negative energy.
   Fly:       It grants you flight.
   -Cast:     It prevents spellcasting.
Wands
 g - a wand of charming (6)
 r - a wand of digging (5)
 s - a wand of flame (8)
 F - a wand of iceblast (8)
Scrolls
 l - 2 scrolls of fog
 n - 2 scrolls of teleportation
 p - 2 scrolls of fear
 y - 2 scrolls of amnesia
 C - a scroll of enchant armour
Potions
 b - a potion of brilliance
 f - a potion of mutation {unknown}
 j - 2 potions of haste
 k - a potion of resistance
 m - a potion of might {unknown}
 o - a potion of heal wounds {unknown}
 t - 2 potions of lignification
 u - a potion of attraction {unknown}
 v - a potion of ambrosia {unknown}
 A - a potion of enlightenment {unknown}
 B - 5 potions of curing
 D - a potion of cancellation {unknown}
 H - a potion of berserk rage {unknown}


   Skills:
 + Level 5.3 Fighting
 - Level 8.1 Short Blades
 - Level 4.0 Maces & Flails
 - Level 1.7 Throwing
 + Level 1.4 Armour
 + Level 6.6 Dodging
 - Level 3.2 Stealth
 - Level 7.0 Evocations


You had 9 spell levels left.
You didn't know any spells.
Your spell library contained the following spells:

 Spells                   Type           Power      Damage    Failure   Level
 Magic Dart               Conj           0%         1d3       43%         1
 Blink                    Tloc           0%         N/A       56%         2
 Lesser Beckoning         Tloc           0%         N/A       56%         2
 Momentum Strike          Conj/Tloc      0%         3d8       56%         2
 Searing Ray              Conj           0%         2d4       56%         2
 Fulminant Prism          Conj/Alch      0%         3d5       99%         4
 Haunt                    Necr/Summ      0%         N/A       100%        7
 Infestation              Necr           0%         N/A       100%        8
 Animate Dead             Necr           Unusable   N/A       N/A         4

Dungeon Overview and Level Annotations

Branches:
Dungeon (8/15)             Temple (1/1) D:5
   Lair: D:8-11

Altars:
Ashenzari
Cheibriados
Elyvilon
Fedhas
Gozag
Hepliaklqana
Kikubaaqudgha
Makhleb
Okawaru
Qazlal
Ru
Sif Muna
Trog
Uskayaw
Vehumet
Yredelemnul
Zin
The Shining One

Annotations:
D:6 2 transporters, 3 runed translucent doors, gosagan's ghost, novice MDRe
D:7 exclusion: statue


Innate Abilities, Weirdness & Mutations

You can wield a second weapon in your off-hand.
It takes a long time for you to wield or remove held weapons.
Your first few attacks do less damage.
Attacking and casting redirects power from your legs.


Message History

The orc warrior completely misses you. The orc priest barely misses you.
Unknown command.
You hit the orc warrior with your +5 short sword.
You kill the orc warrior!
The orc barely misses you.
Unknown command.
You hit the orc priest with your +4 dagger of speed.
The orc priest is lightly wounded.
You hit the orc priest with your +5 short sword.
The troll is distracted by your dazzling golden aura.
The orc priest hits you but does no damage.
The orc wizard mumbles some strange words.
The orc wizard flickers and vanishes!
Deactivating autopickup; reactivate with Ctrl-A.
Unknown command.
You hit the orc priest with your +5 short sword.
The orc priest is moderately wounded.
You hit the orc priest with your +4 dagger of speed.
Unknown command.
You puncture the orc priest with your +5 short sword!
The orc priest is almost dead.
You hit the orc priest with your +4 dagger of speed.
You kill the orc priest!
The orc hits you with a +2 heavy mace.
* * * LOW HITPOINT WARNING * * *
Unknown command.
You are no longer unable to travel.
The troll is no longer distracted by gold.
The orc completely misses you. The troll attacks as it pursues you!
The troll barely misses you. The troll claws you.
* * * LOW HITPOINT WARNING * * *
The troll claws you!
* * * LOW HITPOINT WARNING * * *
Things that are here:
4 gold pieces; a +0 scimitar; a +0 chain mail The troll attacks as it pursues you!
The troll bites you!
* * * LOW HITPOINT WARNING * * *
The troll claws you!
You die...
Your body crumbles into a pile of gold.

.#.#....#
...#..### ......#
.#.#..# ### #
##.#..# ..###.
#.#..# #.#o###
#.#..# #$.#.#
#.#..# #..T###
#.#..### #.##@$#
##.#..#.# ###.###
........# ####..#
.#.....### #.#.#.#
.#.#####.###..####
.#.# ##.....####
.#.# ##.#..#...##
.### #.))#...#..#
.# ##..#.##...#


You could see a troll and an orc.

Vanquished Creatures
  Maurice (D:7)
  Jeremiah (D:6)
  Prince Ribbit (D:5)
  Sigmund (D:2)
  Eustachio (D:5)
  A steam dragon (D:7)
  Menkaure (D:4)
  Duvessa (D:6)
  2 orc warriors
  An ogre (D:4)
  A centaur (D:5)
  A phantom (D:6)
  Blork the orc (D:4)
  A bullfrog (D:7)
  3 scorpions
  7 wights (D:7)
  6 killer bees (D:8)
  2 howler monkeys (D:7)
  An electric eel (D:6)
  2 bombardier beetles
  6 hounds
  3 jellies
  3 orc priests
  A sleepcap (D:5)
  Ijyb (D:5)
  4 iguanas
  3 orc wizards
  Robin (D:2)
  A gnoll (D:3)
  11 adders
  2 white imps (D:6)
  2 dart slugs
  A ribbon worm (D:4)
  15 orcs
  6 bats
  A bat zombie (D:4)
  10 endoplasms
  4 giant cockroaches
  12 goblins
  6 hobgoblins
  6 jackals
  A quokka (D:4)
  2 ball pythons (D:3)
  A frilled lizard (D:1)
  A frilled lizard zombie (D:4)
  6 kobolds
  2 rats
148 creatures vanquished.

Vanquished Creatures (collateral kills)
  3 wights (D:7)
3 creatures vanquished.

Vanquished Creatures (others)
  Dowan (D:6)
  A white imp (D:6)
2 creatures vanquished.

Grand Total: 153 creatures vanquished

Notes
Turn   | Place    | Note
-------+----------+-------------------------------------------
     0 | D:1      | lunkers the Coglin Brigand began the quest for the Orb.
     0 | D:1      | Reached XP level 1. HP: 16/16 MP: 1/1
     8 | D:1      | Reached skill level 2 in Short Blades
    58 | D:1      | Reached XP level 2. HP: 15/22 MP: 2/2
   222 | D:1      | Found a faded altar of an unknown god.
   373 | D:1      | Reached skill level 3 in Short Blades
   395 | D:1      | Reached XP level 3. HP: 27/27 MP: 3/3
  1140 | D:2      | Noticed Sigmund
  1152 | D:2      | Killed Sigmund
  1153 | D:2      | Reached skill level 4 in Short Blades
  1153 | D:2      | Reached skill level 5 in Short Blades
  1153 | D:2      | Reached XP level 4. HP: 29/33 MP: 4/4
  1153 | D:2      | Reached XP level 5. HP: 33/38 MP: 5/5
  1225 | D:2      | Reached XP level 6. HP: 44/44 MP: 6/6
  1594 | D:2      | Noticed Robin
  1633 | D:2      | Killed Robin
  2006 | D:3      | Reached skill level 6 in Short Blades
  2162 | D:3      | Found a blossoming altar of Fedhas.
  3053 | D:4      | Noticed Blork the orc
  3069 | D:4      | Killed Blork the orc
  3070 | D:4      | Reached XP level 7. HP: 10/50 MP: 7/7
  3246 | D:4      | Found a broken altar of Ashenzari.
  3260 | D:4      | Noticed Menkaure
  3267 | D:4      | Killed Menkaure
  3268 | D:4      | Reached skill level 7 in Short Blades
  3614 | D:4      | Found an ancient bone altar of Kikubaaqudgha.
  3888 | D:5      | Entered Level 5 of the Dungeon
  3987 | D:5      | Reached skill level 8 in Short Blades
  4068 | D:5      | Reached skill level 1 in Dodging
  4130 | D:5      | Reached XP level 8. HP: 39/57 MP: 8/8
  4357 | D:5      | Found a staircase to the Ecumenical Temple.
  4395 | Temple   | Entered the Ecumenical Temple
  4404 | Temple   | Became a worshipper of Gozag Ym Sagoz the Greedy
  4476 | D:5      | Noticed Ijyb
  4519 | D:5      | Killed Ijyb
  5014 | D:5      | Noticed Prince Ribbit
  5019 | D:5      | Killed Prince Ribbit
  5020 | D:5      | Reached skill level 1 in Maces & Flails
  5289 | D:5      | Found a snail-covered altar of Cheibriados.
  5370 | D:5      | Identified the +1 cloak "Hutidaw" {*Slow Regen+ Str+3
                  | Dex+2}
  5543 | D:5      | Noticed Eustachio
  5575 | D:5      | Killed Eustachio
  5664 | D:6      | Found a transporter.
  5896 | D:6      | Found a runed translucent gate.
  5898 | D:6      | Found a runed translucent gate.
  5898 | D:6      | Noticed gosagan's ghost (novice MDRe)
  5898 | D:6      | Noticed a two-headed ogre
  5899 | D:6      | Found a runed translucent gate.
  5899 | D:6      | Identified the +2 leather armour of Untruth {-Cast Fly rN+}
  5901 | D:6      | Noticed a yak
  5928 | D:6      | Noticed Duvessa
  5929 | D:6      | Noticed Jeremiah
  5929 | D:6      | Noticed Dowan
  5951 | D:6      | Found a basalt altar of Yredelemnul.
  5952 | D:6      | Found a shimmering blue altar of Sif Muna.
  5990 | D:6      | Your ally Dowan died
  6038 | D:6      | Reached skill level 1 in Evocations
  6038 | D:6      | Reached XP level 9. HP: 42/66 MP: 9/9
  6243 | D:6      | Killed Duvessa
  6250 | D:6      | Killed Jeremiah
  6457 | D:6      | Found a transporter.
  6812 | D:7      | Reached skill level 5 in Fighting
  6896 | D:7      | Noticed Maurice
  6904 | D:7      | Something stole 9 poisoned darts
  6905 | D:7      | Something stole a +0 dagger {Narong}
  6912 | D:7      | Killed Maurice
  6913 | D:7      | Reached skill level 5 in Dodging
  7200 | D:7      | Found a radiant altar of Vehumet.
  7283 | D:7      | Reached skill level 5 in Evocations
  7782 | D:7      | Reached XP level 10. HP: 74/74 MP: 10/10
  8451 | D:8      | Reached skill level 1 in Armour
  8594 | D:8      | Mangled by a troll

Illustrated notes

Levels and vault maps discovered:
D:1:      dpeg_arrival_brainrot, layout_basic,
          chequers_ecumenical_altar_simple_redux
D:2:      layout_basic, uniq_robin, uniq_sigmund
D:3:      layout_basic, lemuel_doored_altar, st_stairs_7
D:4:      layout_basic, lemuel_zombie_altar_kikubaaqudgha,
          mainiacjoe_overflow_cross_hatched, uniq_menkaure, uniq_blork_the_orc
D:5:      layout_layer_cave, kennysheep_mini_moat,
          minmay_temple_entry_glassed_door, mrwooster_statue_mirror,
          reono_crystal_passage, uniq_prince_ribbit1, uniq_eustachio, uniq_ijyb
D:6:      gammafunk_cloud_chamber, layout_basic, nicolae_overflow_squiral,
          gammafunk_ghost_split, uniq_jeremiah, uniq_duvessa
D:7:      layout_basic, vehumet_statue, minivault_5,
          dreamdust_princess_corridor, uniq_maurice
D:8:      minmay_goldmine, layout_basic
Temple:   nicolae_temple_ecumenical_triangle

Skill      XL: |  1  2  3  4  5  6  7  8  9 10 |
---------------+-------------------------------+-----
Short Blades   | 2 3 5 6 8 |  8.1
Dodging        | 1 3 6 |  6.6
Fighting       | 4 5 |  5.3
Maces & Flails | 3 4 |  4.0
Evocations     | 1 6 7 |  7.0
Armour         | 1 |  1.4
Throwing       | |  1.7
Stealth        | |  3.2

Action                     |  1- 3 |  4- 6 |  7- 9 | 10-12 || total
---------------------------+-------+-------+-------+-------++-------
  Melee: Dagger            |   103 |   252 |   360 |   100 ||   815
         Club              |       |       |   136 |       ||   136
         Short sword       |       |       |     1 |    99 ||   100
  Throw: Dart              |     1 |       |     1 |       ||     2
  Evoke: Wand              |       |       |    12 |       ||    12
    Use: Scroll            |       |       |    16 |       ||    16
         Potion            |       |       |     1 |       ||     1
   Stab: Sleeping          |     2 |     9 |    10 |       ||    21
         Distracted        |       |     1 |     1 |     1 ||     3
 Armour: Robe              |    14 |       |       |       ||    14
         Ring mail         |    25 |    24 |       |       ||    49
         Animal skin       |       |    34 |    66 |       ||   100
         Leather armour    |       |       |    73 |    43 ||   116
         Skin              |       |       |    10 |       ||    10
  Dodge: Dodged            |    42 |    38 |    94 |    40 ||   214

Table legend: (Time is in decaauts)
 A = Elapsed time spent in this place.
 B = Non-inter-level travel time spent in this place.
 C = Inter-level travel time spent in this place.
 D = Time resting spent in this place.
 E = Time spent auto-exploring this place.
 F = Levels seen in this place.
 G = Mean time per level.
                   A        B        C        D        E       F      G
               +--------+--------+--------+--------+--------+-----+--------+
         Total |   8411 |   8091 |    320 |    128 |   6623 |   9 |  934.6 |
       Dungeon |   8392 |   8089 |    303 |    128 |   6623 |   8 | 1049.0 |
        Temple |     18 |      1 |     17 |      0 |      0 |   1 |   18.0 |
               +--------+--------+--------+--------+--------+-----+--------+

Top non-repeatable levels by time:
     D:5: 1721 daAuts
     D:7: 1479 daAuts
     D:1: 1046 daAuts
     D:4: 1010 daAuts
     D:6: 976 daAuts
     D:3: 951 daAuts
     D:2: 810 daAuts
     D:8: 397 daAuts
  Temple: 18 daAuts
